 Dungeon Crawl Stone Soup version 0.29-a0-393-g47a863cc1b (webtiles) character file.

Game seed: 13300003107489941090

33 zishaf the Skirmisher (level 3, 0/41 HPs)
             Began as an Ogre Cinder Acolyte on May 9, 2022.
             Was a High Priest of Ignis.
             Succumbed to an adder's poison
             ... on level 2 of the Dungeon.
             The game lasted 00:01:57 (1506 turns).

zishaf the Skirmisher (Ogre Cinder Acolyte)         Turns: 1506, Time: 00:01:58

Health: 0/41       AC:  3    Str: 20    XL:     3   Next: 29%
Magic:  5/5        EV:  9    Int: 15    God:    Ignis [*****.]
Gold:   59         SH:  0    Dex:  4    Spells: 5/5 levels left

rFire   + . .      SeeInvis .   a - -1 mace (flame)
rCold   . . .      Faith    .   (no shield)
rNeg    . . .      Spirit   .   b - +0 robe
rPois   .          Reflect  .   (helmet restricted)
rElec   .          Harm     .   (no cloak)
rCorr   .          Rampage  .   (gloves unavailable)
Will    .....                   (boots unavailable)
Stlth   +.........              (no amulet)
HPRegen 0.13/turn               (no ring)
MPRegen 0.09/turn               (no ring)

@: lethally poisoned (0 -> -5)
A: large, unfitting armour, tough skin 1
a: Renounce Religion, Fiery Armour, Foxfire Swarm, Rising Flame


You were on level 2 of the Dungeon.
You worshipped Ignis.
Ignis was extremely pleased with you.
You visited 1 branch of the dungeon, and saw 2 of its levels.

You collected 59 gold pieces.

Inventory:

Hand Weapons
 a - a -1 mace of flaming (weapon)
Missiles
 c - 5 javelins (quivered)
 g - 5 poisoned darts
Armour
 b - a +0 robe (worn)
Scrolls
 e - a scroll of identify {unknown}
 h - a scroll of enchant armour {unknown}
 j - a scroll of summoning {unknown}
 k - a scroll of poison {unknown}
Potions
 d - a potion of mutation {unknown}
 f - a potion of might {unknown}
 i - a potion of resistance {unknown}
 l - a potion of curing {unknown}


   Skills:
 * Level 4.9 Fighting
 + Level 3.0 Maces & Flails
 + Level 1.9 Spellcasting
 - Level 2.7 Fire Magic


You had 5 spell levels left.
You didn't know any spells.
Your spell library contained the following spells:

 Spells                   Type           Power      Damage    Failure   Level
 Scorch                   Fire           18%        2d5       11%         2


Dungeon Overview and Level Annotations

Branches:
Dungeon (2/15)

Altars:


Innate Abilities, Weirdness & Mutations

You are too large for most types of armour.
You have tough skin. (AC +1)


Message History

You are poisoned.
The adder poisons you!
You barely miss the adder.
You feel sick. The adder bites you. x2
You are more poisoned.
The adder poisons you!
You hit the adder. You burn the adder.
The adder is heavily wounded.
You feel sick. The adder bites you but does no damage.
You closely miss the adder.
The adder is heavily wounded.
You feel sick. The adder barely misses you.
The adder bites you but does no damage.
You miss the adder.
The adder is heavily wounded.
You feel sick. The adder bites you.
* * * LOW HITPOINT WARNING * * *
You are more poisoned.
The adder poisons you!
You closely miss the adder.
The adder is heavily wounded.
You feel very sick. The adder bites you but does no damage.
The adder barely misses you.
You completely miss the adder.
The adder is heavily wounded.
You feel sick. The adder closely misses you.
The adder bites you but does no damage.
You closely miss the adder.
The adder is heavily wounded.
You feel sick. The adder bites you.
* * * LOW HITPOINT WARNING * * *
You are lethally poisoned!
The adder poisons you!
You miss the adder.
The adder is heavily wounded.
* * * LOW HITPOINT WARNING * * *
You feel sick. The adder closely misses you. The adder bites you.
* * * LOW HITPOINT WARNING * * *
You closely miss the adder.
The adder is heavily wounded.
You die...

#.......#.#. #.#####.#..
#.......#.# #.#####.#.+
## #.........+ ..#
#..#.#..#.### #..
#....#..#...# ....#
#.......#.#.#++#.#..#
#.......#...@SJ.....#
##..##.#######g...#.# ##
#.....# #.......# .#
##.#.## #..SJ...##
.######....####.........#
..............+.........+
.######....####.........#
.# #.#.## ##.......## ##
..### ##.....##


You could see an adder, an endoplasm and a goblin.

Vanquished Creatures
  An adder (D:2)
  An endoplasm (D:1)
  2 hobgoblins
  3 kobolds (D:1)
  3 ball pythons
  4 bats (D:1)
  7 frilled lizards (D:1)
  4 goblins (D:1)
  2 rats
27 creatures vanquished.

Notes
Turn   | Place    | Note
-------+----------+-------------------------------------------
     0 | D:1      | zishaf the Ogre Cinder Acolyte began the quest for the Orb.
     0 | D:1      | Reached XP level 1. HP: 24/24 MP: 2/2
   286 | D:1      | Reached XP level 2. HP: 32/32 MP: 2/4
  1177 | D:2      | Reached XP level 3. HP: 17/41 MP: 5/5
  1505 | D:2      | HP: 2/41 [adder (1)]
  1506 | D:2      | Succumbed to an adder's poison

Illustrated notes

Levels and vault maps discovered:
D:1:      eino_arrival_water_cross, layout_basic, nrook_loot_triangle,
          minmay_statues_item, chequers_serial_rivers_marsh,
          minmay_misc_feat_hallway, minmay_lizard_pond
D:2:      layout_loops_corners, hellmonk_ecumenical_altar_dog_temple,
          minmay_mini_jars

Skill      XL: |  1  2 |
---------------+-------+-----
Maces & Flails | 3 |  3.0
Fighting       | |  4.9
Spellcasting   | |  1.9
Fire Magic     | |  2.7

Action                   || total
-------------------------++-------
Melee: Mace              ||   113
Armor: Robe              ||    45
Dodge: Dodged            ||    59

Table legend: (Time is in decaauts)
 A = Elapsed time spent in this place.
 B = Non-inter-level travel time spent in this place.
 C = Inter-level travel time spent in this place.
 D = Time resting spent in this place.
 E = Time spent auto-exploring this place.
 F = Levels seen in this place.
 G = Mean time per level.
                   A        B        C        D        E       F      G
               +--------+--------+--------+--------+--------+-----+--------+
         Total |   1539 |   1529 |     10 |    222 |   1049 |   2 |  769.5 |
       Dungeon |   1539 |   1529 |     10 |    222 |   1049 |   2 |  769.5 |
               +--------+--------+--------+--------+--------+-----+--------+

Top non-repeatable levels by time:
     D:1: 1194 daAuts
     D:2: 345 daAuts
